 Dungeon Crawl Stone Soup version 0.28.0-47-ge53b351184 (webtiles) character file.

Game seed: 3070377598179488101

1971 CryoSword the Disciple of Destruction (level 9, 0/69 HPs)
             Began as a Demonspawn Artificer on May 2, 2022.
             Was a Follower of Makhleb.
             Slain by Maggie
             ... wielding a +0 vorpal glaive
              (9 damage)
             ... on level 6 of the Dungeon.
             The game lasted 00:15:13 (8713 turns).

CryoSword the Disciple of Destruction (DsAr)        Turns: 8713, Time: 00:15:14

Health: 0/69       AC: 14    Str: 19    XL:     9   Next: 0%
Magic:  14/14      EV:  6    Int: 15    God:    Makhleb [*.....]
Gold:   284        SH:  0    Dex: 13    Spells: 8/8 levels left

rFire   . . .      SeeInvis .     - Unarmed
rCold   . . .      Faith    .   (no shield)
rNeg    . . .      Spirit   .   m - +0 plate armour
rPois   .          Reflect  .   (no helmet)
rElec   .          Harm     .   l - +2 cloak
rCorr   .          Rampage  .   (no gloves)
Will    .....                   (no boots)
Stlth   ..........              (no amulet)
HPRegen 0.21/turn               (no ring)
MPRegen 0.14/turn               (no ring)

@: mighty, flying, mesmerised
A: claws 2, icemail 1, spiny 1, condensation shield, talons 1, clever 1, strong
1
a: Renounce Religion


You were on level 6 of the Dungeon.
You worshipped Makhleb.
Makhleb was aware of your devotion.
You visited 2 branches of the dungeon, and saw 7 of its levels.

You collected 284 gold pieces.

Inventory:

Hand Weapons
 s - the +7 Throatcutter {drain, coup de grace}
   (You found it on level 6 of the Dungeon)

   A truly terrible weapon, it drains the life of any living foe it strikes.
   It may instantly kill foes which have little health.
Armour
 l - a +2 cloak (worn)
   (You found it on level 4 of the Dungeon)
 m - a +0 plate armour (worn)
   (You found it on level 4 of the Dungeon)
Wands
 c - a wand of flame (2)
 d - a wand of charming (7) (quivered)
Scrolls
 k - a scroll of fear {unknown}
Potions
 e - a potion of flight
 f - a potion of might
 g - 4 potions of attraction {!q}
 n - a potion of berserk rage {unknown}
 p - a potion of heal wounds {unknown}
 t - a potion of ambrosia {unknown}


   Skills:
 + Level 5.9 Fighting
 + Level 3.3 Armour
 - Level 0.8 Dodging
 - Level 2.0 Stealth
 + Level 6.7 Unarmed Combat
 + Level 7.3 Invocations
 - Level 3.0 Evocations


You had 8 spell levels left.
You didn't know any spells.
Your spell library contained the following spells:

 Spells                   Type           Power      Damage    Failure   Level
 Pain                     Necr           0%         1d4       100%        1
 Dazzling Flash           Conj/Hex       0%         N/A       100%        3
 Gell's Gravitas          Tloc           0%         N/A       100%        3
 Teleport Other           Tloc           0%         N/A       100%        3
 Iskenderun's Mystic Bla  Conj/Tloc      0%         2d3       100%        4
 Agony                    Necr           0%         N/A       100%        5
 Excruciating Wounds      Necr           0%         N/A       100%        5
 Fireball                 Conj/Fire      0%         3d3       100%        5
 Dispersal                Tloc           0%         N/A       100%        6
 Starburst                Conj/Fire      0%         6d3       100%        6
 Ignition                 Fire           0%         3d3       100%        8


Dungeon Overview and Level Annotations

Branches:
Dungeon (6/15)             Temple (1/1) D:4

Altars:
Ashenzari
Cheibriados
Dithmenos
Fedhas
Gozag
Kikubaaqudgha
Makhleb
Nemelex Xobeh
Okawaru
Sif Muna
Uskayaw
Vehumet
Xom
Zin
The Shining One

Annotations:
D:3 1 runed translucent door, maxonian's ghost, amateur MiNe
D:6 Maggie


Innate Abilities, Weirdness & Mutations

You have very sharp fingernails.
A meltable icy envelope protects you from harm. (AC +0)
You are partially covered in sharp spines.
A meltable shield of frost defends you. (SH +0)
You have sharp toenails.
Your mind is acute. (Int +2)
Your muscles are strong. (Str +2)


Message History

The rust devil hits you.
* * * LOW HITPOINT WARNING * * *
The rust devil corrodes you! The rust devil hits you.
* * * LOW HITPOINT WARNING * * *
The rust devil corrodes you! The rust devil completely misses you.
You feel your willpower return. The rust devil hits you.
* * * LOW HITPOINT WARNING * * *
The rust devil corrodes you!
As you read the scroll labelled WIME NYTWEA, it crumbles to dust.
You hear a loud clanging noise!
It was a scroll of noise.
Okay, then.
The rust devil barely misses you.
As you read the scroll labelled LUAKEO CIQY, it crumbles to dust.
You feel strangely unstable.
It was a scroll of teleportation.
The rust devil hits you!
* * * LOW HITPOINT WARNING * * *
The rust devil corrodes you! The rust devil hits you!
* * * LOW HITPOINT WARNING * * *
The rust devil corrodes you!
Your surroundings suddenly seem different.
You start resting.
You are no longer corroded.
You start resting.
There is a stone staircase leading down here.
You climb downwards.
There is a stone staircase leading up here.
Found 20 stones.
You see here 20 stones.
Found a flail.
You see here a +0 flail.
A bullfrog skeleton comes into view.
A bullfrog skeleton is nearby!
An orc wizard and an orc come into view.
The orc is wielding a +4 dagger of freezing.
The orc wizard shouts!
The orc shouts!
You hear a shout!
An orc priest comes into view. It is wielding a +0 hand axe.
You hear a shout!
You slash the orc wizard! You drain the orc wizard.
You kill the orc wizard!
Makhleb accepts your kill.
The bullfrog skeleton hits you but does no damage.
The bullfrog skeleton barely misses you.
You slash the bullfrog skeleton! The orc hits you but does no damage.
You block the bullfrog skeleton's attack.
The orc hits you but does no damage.
The bullfrog skeleton hits you but does no damage.
You slice the bullfrog skeleton!!
You destroy the bullfrog skeleton!
Makhleb accepts your kill.
The orc priest is struck by your spines.
The orc priest hits you but does no damage.
The orc hits you but does no damage.
The orc priest is struck by your spines.
The orc priest hits you but does no damage.
You slash the orc priest!
You kill the orc priest!
Makhleb accepts your kill. The orc is struck by your spines.
The orc hits you but does no damage.
You have reached level 9!
Your experience leads to an increase in your attributes!
Increase (S)trength, (I)ntelligence, or (D)exterity?
You feel stronger. x2
You slash the orc!
You kill the orc!
Makhleb accepts your kill.
Maggie the Vainglorious comes into view.
She is wielding a +0 vorpal glaive.
Maggie casts a spell at you. The bolt of fire hits you!
Your icy defenses dissipate!
An orc warrior comes into view. It is wielding a +0 war axe.
The orc warrior shouts!
You hear a shout!
Items here: )) [[ †.
Maggie hits you from afar with a +0 vorpal glaive.
Throw: 2 darts (curare)
Aim: Maggie, wielding a +0 vorpal glaive and wearing +0 swamp dragon scales (63% to hit)
You throw a curare-tipped dart. The curare-tipped dart hits Maggie.
Maggie casts a spell.
Maggie attempts to bespell you! You resist with some effort.
You hear a shout!
Throw: dart (curare)
Aim: Maggie, wielding a +0 vorpal glaive and wearing +0 swamp dragon scales (63% to hit)
You throw a curare-tipped dart. The curare-tipped dart hits Maggie.
Maggie hits you but does no damage.
You are too injured to fight recklessly!
Unknown command.
Here: Maggie, wielding a +0 vorpal glaive and wearing +0 swamp dragon scales Item here: a curare-tipped dart.
The floor.
Okay, then.
Items here: )) [[ †.
An orc comes into view. It is wielding a +0 short sword.
The orc shouts!
You hear a shout! x2
Maggie says, "Fear not.
I will immortalize you in the tale of my first kill."
Maggie mumbles some strange words.
Maggie attempts to bespell you!
You easily resist.
You see here a +0 flail.
Maggie gestures wildly while chanting.
Maggie attempts to bespell you!
You are mesmerised by Maggie!
Maggie gestures wildly while chanting.
Maggie draws you further into her thrall.
You cannot move away from Maggie!
Throw: 2 javelins
Aim: Maggie, wielding a +0 vorpal glaive and wearing +0 swamp dragon scales (mesmerising, 63% to hit)
You throw a javelin.
The javelin pierces through Maggie but does no damage.
Throw: javelin
Aim: Maggie, wielding a +0 vorpal glaive and wearing +0 swamp dragon scales (mesmerising, 63% to hit)
You throw a javelin. The javelin pierces through Maggie.
Maggie hits you from afar with a +0 vorpal glaive.
Okay, then.
You feel very mighty all of a sudden.
Maggie hits you from afar with a +0 vorpal glaive!
You are now empty-clawed.
Maggie gestures at you while chanting. The bolt of fire hits you!!
* * * LOW HITPOINT WARNING * * *
It was a potion of flight.
You feel very buoyant.
You fly up into the air.
Maggie casts a spell at you. The bolt of fire hits you!
* * * LOW HITPOINT WARNING * * *
It was a potion of mutation.
You feel extremely strange.
You feel clever.
Your toenails lengthen and sharpen.
You feel stronger. Maggie barely misses you.
It was a potion of curing.
You feel better.
An orc wizard comes into view. It is wielding a +0 dagger.
Maggie casts a spell.
Maggie draws you further into her thrall.
Okay, then.
As you read the scroll of summoning, it crumbles to dust.
Wisps of shadow whirl around you... Maggie casts a spell at you.
The bolt of fire hits your ogre!! The bolt of fire misses you.
The orc wizard gestures wildly while chanting.
The orc wizard flickers and vanishes!
Deactivating autopickup; reactivate with Ctrl-A.
Maggie hits you with a +0 vorpal glaive!
* * * LOW HITPOINT WARNING * * *
x2 Your ogre barely misses Maggie.
You see here a +0 flail.
You scratch Maggie but do no damage. You claw Maggie!
Maggie hits you with a +0 vorpal glaive!
You die...

#....# #.... ## ####.#
#.### #. #.#####.# #(
#.......# ##o## ####.####
####..o####.# #.#
.+....#))....# #.#
........######### #.#
............oo@@#########.#
.+......#######OJS........#
###.#.## ############# #.#.
# #. .. ##


You could see Maggie (mesmerising, ally target), an orc warrior, an orc, a
friendly ogre (summoned), a friendly jelly (summoned) and a friendly adder
(summoned).

Vanquished Creatures
  Eustachio (D:6)
  Edmund (D:6)
  A water moccasin (D:5)
  2 orc warriors (D:6)
  2 necrophages (D:6)
  3 ogres
  A bullfrog (D:6)
  3 scorpions
  A water moccasin zombie (D:5)
  2 jellies (D:5)
  2 orc priests
  A centaur skeleton (D:5)
  2 bullfrog skeletons (D:6)
  5 orc wizards
  2 iguanas
  A hound zombie (D:5)
  6 gnolls
  11 adders
  An adder zombie (D:5)
  2 adder skeletons (D:4)
  2 worms
  3 dart slugs
  14 orcs
  7 endoplasms
  2 giant cockroaches
  7 hobgoblins
  2 jackals (D:4)
  8 kobolds
  3 quokkas
  7 ball pythons
  5 bats
  A frilled lizard (D:1)
  9 goblins
  4 rats
124 creatures vanquished.

Vanquished Creatures (collateral kills)
  A gnoll shaman (D:3)
  A gnoll (D:3)
  A goblin (D:3)
3 creatures vanquished.

Vanquished Creatures (others)
  A gnoll (D:3)
  7 plants (D:2)
8 creatures vanquished.

Grand Total: 135 creatures vanquished

Notes
Turn   | Place    | Note
-------+----------+-------------------------------------------
     0 | D:1      | CryoSword the Demonspawn Artificer began the quest for the
                  | Orb.
     0 | D:1      | Reached XP level 1. HP: 15/15 MP: 1/1
    26 | D:1      | Reached skill level 1 in Stealth
   630 | D:1      | Gained mutation: A meltable shield of frost defends you.
                  | (SH +0) [demonic ancestry]
   630 | D:1      | Reached XP level 2. HP: 22/22 MP: 2/2
  1595 | D:2      | Found a faded altar of an unknown god.
  1901 | D:2      | Gained mutation: You have sharp fingernails. [demonic
                  | ancestry]
  1901 | D:2      | Reached XP level 3. HP: 23/28 MP: 3/3
  2459 | D:2      | Found a snail-covered altar of Cheibriados.
  2507 | D:2      | You fall into a shaft and drop 1 floor!
  2687 | D:3      | Gained mutation: You are partially covered in sharp spines.
                  | [demonic ancestry]
  2687 | D:3      | Reached XP level 4. HP: 7/35 MP: 4/4
  3409 | D:3      | Found a runed translucent door.
  3732 | D:3      | Noticed maxonian's ghost (amateur MiNe)
  3792 | D:3      | Gained mutation: You have very sharp fingernails. [demonic
                  | ancestry]
  3792 | D:3      | Reached XP level 5. HP: 7/43 MP: 5/5
  3811 | D:3      | Reached skill level 5 in Fighting
  4477 | D:4      | Found a staircase to the Ecumenical Temple.
  4488 | Temple   | Entered the Ecumenical Temple
  4523 | Temple   | Became a worshipper of Makhleb the Destroyer
  4680 | D:4      | Reached skill level 1 in Unarmed Combat
  4680 | D:4      | Reached skill level 1 in Invocations
  4824 | D:4      | Reached XP level 6. HP: 51/51 MP: 7/7
  4957 | D:4      | Reached skill level 2 in Invocations
  5584 | D:5      | Entered Level 5 of the Dungeon
  5666 | D:5      | Reached skill level 3 in Invocations
  5838 | D:5      | Gained mutation: A meltable icy envelope protects you from
                  | harm. (AC +0) [demonic ancestry]
  5838 | D:5      | Reached XP level 7. HP: 30/56 MP: 9/9
  5995 | D:5      | Reached * piety under Makhleb
  6034 | D:5      | Reached skill level 4 in Invocations
  6159 | D:5      | Reached skill level 5 in Unarmed Combat
  6159 | D:5      | Reached skill level 5 in Invocations
  7243 | D:6      | Noticed Eustachio
  7267 | D:6      | Killed Eustachio
  7268 | D:6      | Reached XP level 8. HP: 55/62 MP: 10/12
  7392 | D:6      | Found the +7 Throatcutter {drain, coup de grace}
  7447 | D:6      | Reached skill level 6 in Invocations
  7537 | D:6      | Noticed Edmund
  7557 | D:6      | Killed Edmund
  7674 | D:5      | Noticed a rust devil
  7674 | D:5      | Noticed a rust devil
  7913 | D:6      | Reached skill level 7 in Invocations
  8686 | D:6      | Reached XP level 9. HP: 69/69 MP: 14/14
  8686 | D:6      | Noticed Maggie
  8709 | D:6      | Gained mutation: Your mind is acute. (Int +2) [potion of
                  | mutation]
  8709 | D:6      | Gained mutation: You have sharp toenails. [potion of
                  | mutation]
  8709 | D:6      | Gained mutation: Your muscles are strong. (Str +2) [potion
                  | of mutation]
  8713 | D:6      | Slain by Maggie

Illustrated notes

Levels and vault maps discovered:
D:1:      dpeg_arrival_rooms_b, layout_loops_cross
D:2:      layout_loops_ring, shapermc_ecumenical_altar_mp_ritualfount,
          basic_altar, chequers_serial_rivers_micro_c, minmay_misc_feat_iff,
          chequers_serial_rivers_micro_c, st_stairs_11, minmay_pentomino_o2
D:3:      layout_basic, ebering_ghost_reflecting_pool, minmay_quadrilaterals
D:4:      layout_basic, minmay_temple_entry_slanted
D:5:      cheibrodos_iron_armory, layout_basic, kennysheep_dice
D:6:      layout_loops_ring, uniq_edmund, uniq_crazy_yiuf_cottage, uniq_maggie,
          uniq_eustachio
Temple:   regret_index_temple_sigil_plot

Skill      XL: |  1  2  3  4  5  6  7  8 |
---------------+-------------------------+-----
Stealth        | 1 2 |  2.0
Fighting       | 2 3 4 5 |  5.9
Unarmed Combat | 1 3 5 6 |  6.7
Invocations    | 1 3 5 7 |  7.3
Armour         | 3 |  3.3
Dodging        | |  0.8
Evocations     | |  3.0

Action                   |  1- 3 |  4- 6 |  7- 9 || total
-------------------------+-------+-------+-------++-------
Melee: Dagger            |    47 |       |       ||    47
       Club              |    16 |       |       ||    16
       Punch             |     1 |     3 |     4 ||     8
       Short sword       |    65 |       |       ||    65
       Mace              |    56 |    31 |       ||    87
       Unarmed           |       |   102 |    85 ||   187
       Long sword        |       |       |    49 ||    49
       Kick              |       |       |     1 ||     1
Throw: Dart              |       |       |     6 ||     6
       Javelin           |       |       |     3 ||     3
Evoke: Wand              |     4 |    13 |     4 ||    21
       Piece from Xom's  |       |     2 |       ||     2
  Use: Scroll            |       |     3 |     5 ||     8
       Potion            |       |       |     4 ||     4
Armor: Leather armour    |    20 |       |       ||    20
       Ring mail         |    51 |    23 |       ||    74
       Plate armour      |       |    50 |    82 ||   132
Dodge: Dodged            |    87 |    48 |    23 ||   158
Block: Other             |    23 |    32 |    25 ||    80
